AoeStats
← Marts

Pilgrims

507995222Analyzed
2v2 RM · 12d ago on Sep 20, 2026· 32m 0s· 4 players
Game mode
Random Map
Map size
Medium (4 player)
Population
200
Speed
Normal
Resources
Standard
Victory
Conquest
Starting age
Dark Age
Ending age
Imperial Age
RankedLock teamsTeams togetherTeam positionsShared explorationLock speedFull tech treeHidden civsTurbo modeCheats
Victory
Defeat
🇦🇹 Britons · Austria
1489
+14
🇹🇷 Koreans · Türkiye
1481
+14
🇫🇷 Teutons · France
1455
-15
🇦🇷 Ethiopians · Argentina
1424
-13
matias
7:50 Loom
12:05 Feudal Age
12:42 Double-Bit Axe
19:25 Castle Age
19:34 Fletching
20:11 Bodkin Arrow
20:57 Bow Saw
21:10 Gold Mining
21:11 Fishing Lines
22:07 Padded Archer Armor
22:03 Elite Skirmisher
23:10 Horse Collar
25:24 Wheelbarrow
28:52 Sanctity
34:03 Imperial Age
Marts
5:06 Loom
10:58 Feudal Age
11:29 Double-Bit Axe
19:18 Castle Age
18:34 Horse Collar
20:40 Bow Saw
Truestorm
7:21 Loom
9:34 Feudal Age
11:43 Gold Mining
20:00 Castle Age
19:53 Double-Bit Axe
23:50 Fishing Lines
25:39 Wheelbarrow
27:41 Fletching
28:28 Medium Warships
33:20 Imperial Age
Delta
9:17 Feudal Age
7:47 Loom
11:28 Fletching
18:02 Castle Age
16:02 Double-Bit Axe
17:36 Stone Mining
17:13 Man-at-Arms
23:05 Medium Warships
30:05 Horse Collar
Connection lost

Rejoining the realm…

Still unreachable

The connection could not be restored.

Session expired

The server has moved on; the page needs a fresh start.